 Dungeon Crawl Stone Soup version 0.18-a0-1166-g6e2d2a0 (webtiles) character file.

52 RedPan the Magician (level 3, 0/21 HPs)
             Began as an Octopode Wizard on Jan 26, 2016.
             Slain by twist's ghost (5 damage)
             ... on level 3 of the Dungeon.
             The game lasted 00:03:47 (2301 turns).

RedPan the Magician (Octopode Wizard)               Turns: 2301, Time: 00:03:47

Health: 0/21       AC:  1    Str:  6    XL:     3   Next: 85%
Magic:  1/7        EV: 12    Int: 24    God:
Gold:   92         SH:  0    Dex: 10    Spells: 4 memorised, 0 levels left

rFire  . . .     SeeInvis .     f - +0 short sword
rCold  . . .     Gourm    .     (no shield)
rNeg   . . .     Faith    .     a - +0 hat
rPois  .         Spirit   .     (no amulet)
rElec  .         Dismiss  .     l - +3 ring of intelligence
rCorr  .         Reflect  .     (no ring)
SustAt .         Harm     .     (no ring)
MR     .....                    (no ring)
Stlth  +++.......               (no ring)
                                (no ring)
                                (no ring)
                                (no ring)

@: not resistant to hostile enchantments, fairly stealthy
A: almost no armour, amphibious, 8 rings, constrict 8, camouflage 1, gelatinous
body 1
a: no special abilities


You were on level 3 of the Dungeon.
You were not hungry.

You visited 1 branch of the dungeon, and saw 3 of its levels.

You collected 92 gold pieces.

Inventory:

Hand Weapons
 f - a +0 short sword (weapon)
Armour
 a - a +0 hat (worn)
Jewellery
 l - a +3 ring of intelligence (left tentacle)
Scrolls
 d - a scroll of enchant armour {unknown}
 h - a scroll of fear {unknown}
 k - 2 scrolls of remove curse {unknown}
 m - a scroll of identify {unknown}
 n - a scroll of fog {unknown}
 o - a scroll of teleportation {unknown}
Potions
 e - 2 potions of curing {unknown}
 g - 2 potions of might {unknown}
 p - a potion of heal wounds {unknown}
Books
 b - a book of Minor Magic

   Spells                             Type                      Level
   a - Magic Dart                     Conjuration                  1
   b - Blink                          Translocation                2
   c - Call Imp                       Summoning                    2
   d - Repel Missiles                 Charms/Air                   2
   e - Slow                           Hexes                        2
   f - Conjure Flame                  Conjuration/Fire             3
   g - Mephitic Cloud                 Conjuration/Poison/Air       3
Comestibles
 c - 2 bread rations
 i - a beef jerky
 j - 4 fruits
 q - 2 chunks of flesh


   Skills:
 - Level 2.0 Dodging
 - Level 2.6 Stealth
 + Level 3.4 Spellcasting
 * Level 3.0 Conjurations
   Level 1.0 Summonings
   Level 1.0 Translocations


You couldn't memorise any spells.
You knew the following spells:

 Your Spells              Type           Power        Failure   Level  Hunger
a - Magic Dart            Conj           ###.         3%          1    None
b - Mephitic Cloud        Conj/Pois/Air  #.......     24%         3    ###....
c - Slow                  Hex            #.......     17%         2    #......
d - Repel Missiles        Chrm/Air       #.....       17%         2    #......


Dungeon Overview and Level Annotations

Branches:
Dungeon (3/15)

Altars:

Annotations:
D:3 twist's ghost, weakling OpTm


Innate Abilities, Weirdness & Mutations

You cannot wear most types of armour.
You are amphibious.
You can wear up to eight rings at the same time.
You can use your tentacles to constrict eight enemies at once.
Your skin changes colour to match your surroundings (Stealth).
Your rubbery body absorbs attacks (AC +1).


Message History

Casting: Magic Dart
Confirm with . or Enter, or press ? or * to list all spells.
You don't have enough magic to cast that spell.
You barely miss twist's ghost.
Twist's ghost is severely damaged.
Twist's ghost barely misses you.
You hit twist's ghost.
Twist's ghost is almost destroyed.
Twist's ghost hits you!
You barely miss twist's ghost.
Twist's ghost is almost destroyed.
Twist's ghost closely misses you.
You hit twist's ghost but do no damage.
Twist's ghost is almost destroyed.
Twist's ghost hits you!
* * * LOW HITPOINT WARNING * * *
You barely miss twist's ghost.
Twist's ghost is almost destroyed.
Twist's ghost hits you.
You die...

# #.# #....
##.#.#
#.....
#..#.# .#
#..#.####..#
#..#<......#
#..........#
#..@########
###W# #S.
#... .....
#...## .....
#†###.


You could see twist's ghost and an adder.

Vanquished Creatures
  2 adders (D:2)
  An ooze (D:1)
  2 giant geckos
  A ball python (D:1)
  A giant cockroach (D:3)
  6 goblins
  2 hobgoblins (D:1)
  A quokka (D:2)
  6 bats
  2 kobolds (D:1)
  5 rats
29 creatures vanquished.

Notes
Turn   | Place    | Note
--------------------------------------------------------------
     0 | D:1      | RedPan the Octopode Wizard began the quest for the Orb.
     0 | D:1      | Reached XP level 1. HP: 11/11 MP: 4/4
   232 | D:1      | Reached XP level 2. HP: 15/17 MP: 1/6
  1141 | D:2      | Reached XP level 3. HP: 19/21 MP: 4/7
  2282 | D:3      | Learned a level 3 spell: Mephitic Cloud
  2285 | D:3      | Learned a level 2 spell: Slow
  2288 | D:3      | Learned a level 2 spell: Repel Missiles
  2291 | D:3      | Noticed twist's ghost (weakling OpTm)
  2301 | D:3      | Slain by twist's ghost

Vault maps used:
D:1:      dpeg_arrival_radiant, minivault_4, roderic_roman_lattice
D:2:      first_bread, minivault_27
D:3:      zin_statuary, ecumenical_altar_2

Action                   || total
-------------------------++-------
Melee: Unarmed           ||    10
       Short sword       ||    27
 Cast: Magic Dart        ||    45
 Stab: Sleeping          ||     6
  Eat: Chunk             ||     3
       Pizza             ||     1
